 Dungeon Crawl Stone Soup version 0.16-a0-3250-g88dccf0 (console) character file.

795 Fusha the Digger (level 7, -3/52 HPs)
             Began as a White Draconian Earth Elementalist on Dec 22, 2014.
             Was an Initiate of Sif Muna.
             Killed from afar by Ijyb (20 damage)
             ... with a wand of draining
             ... on level 5 of the Dungeon.
             The game lasted 00:31:56 (7240 turns).

Fusha the Digger (DrEE)                             Turns: 7240, Time: 00:31:56

Health: -3/52      AC:  7    Str: 11    XL:     7   Next: 58%
Magic:  10/18      EV: 12    Int: 19    God:    Sif Muna [......]
Gold:   215        SH:  0    Dex: 11    Spells: 5 memorised, 1 level left

rFire  . . .     SeeInvis .     b - 106 stones
rCold  + . .     Clarity  +     (armour unavailable)
rNeg   . . .     SustAb   .     (no shield)
rPois  .         Gourm    .     (helmet restricted)
rElec  .         Spirit   .     n - +0 cloak
rCorr  .         Warding  .     (no gloves)
rMut   .         Stasis   .     (no boots)
MR     .....                    o - amulet of clarity
Stlth  +.........               (no ring)
                                i - +2 ring of intelligence

@: heavily drained, not resistant to hostile enchantments, very unstealthy
A: breathe frost, unfitting armour, cold resistance 1, cold-blooded, AC +6
a: Breathe Frost, Renounce Religion


You were on level 5 of the Dungeon.
You worshipped Sif Muna.
Sif Muna was noncommittal.
You were not hungry.

You visited 2 branches of the dungeon, and saw 6 of its levels.

You collected 215 gold pieces.

Inventory:

Hand weapons
 f - a +0 short sword
 y - a +0 blowgun
Missiles
 b - 106 stones (in hand)
 s - 5 needles of paralysis
 z - 15 poisoned needles
 A - 13 tomahawks
Armour
 n - a +0 cloak (worn)
Jewellery
 i - a +2 ring of intelligence (left hand)
 o - an amulet of clarity (around neck)
 r - an uncursed amulet of stasis
Magical devices
 C - a wand of heal wounds (1)
Scrolls
 c - 4 scrolls of remove curse
 e - 2 scrolls of identify
 g - a scroll of blinking {unknown}
 h - a scroll of recharging {unknown}
 j - 4 scrolls of enchant weapon {unknown}
 k - a scroll of amnesia {unknown}
 l - a scroll of magic mapping {unknown}
 q - a scroll of immolation {unknown}
 u - a scroll of teleportation {unknown}
Potions
 v - 2 potions of curing
 w - a potion of mutation
Books
 d - a book of Geomancy

   Spells                             Type                      Level
   a - Sandblast                      Earth                        1
   b - Stoneskin                      Transmutation/Earth          2
   c - Passwall                       Transmutation/Earth          3
   d - Stone Arrow                    Conjuration/Earth            3
   e - Petrify                        Transmutation/Earth          4
   f - Lee's Rapid Deconstruction     Earth                        5
Comestibles
 a - 4 bread rations
 p - a meat ration
 t - 2 beef jerkies
 x - a royal jelly


   Skills:
 + Level 1.2(0.0) Fighting
 + Level 1.5(0.0) Short Blades
 + Level 3.4(1.4) Dodging
 + Level 2.5(0.6) Stealth
 + Level 5.1(3.0) Spellcasting
 + Level 1.0(0.0) Transmutations
 * Level 5.7(3.5) Earth Magic


You had one spell level left.
You knew the following spells:

 Your Spells              Type           Power        Failure   Level  Hunger
a - Sandblast             Erth           ###...       4%          1    None
b - Stone Arrow           Conj/Erth      #.....       21%         3    ###....
c - Stoneskin             Trmt/Erth      #.......     12%         2    ##.....
d - Lee's Rapid Deconstr  Erth           ###.......   91%         5    ######.
e - Petrify               Trmt/Erth      #.......     75%         4    ####...


Dungeon Overview and Level Annotations

Branches:
Dungeon (5/15)             Temple (1/1) D:4

Altars:
Ashenzari
Cheibriados
Qazlal
Ru
Sif Muna
Vehumet
Xom
Zin

Annotations:
D:4 Mulzaro's ghost, average DrGl
D:5 Ijyb


Innate Abilities, Weirdness & Mutations

You can breathe waves of freezing cold.
You can buffet flying creatures when you breathe cold.
Your icy white scales are hard (AC +6).
Your body does not fit into most forms of armour.
Your flesh is cold resistant.
Your cold-blooded metabolism reacts poorly to cold.


Message History

The adder bites you but does no damage.
Ijyb zaps a wand.
The bolt of negative energy misses you.
Casting: Sandblast
Confirm with . or Enter, or press ? or * to list all spells.
Aiming: Sandblast
Press: ? - help, Shift-Dir - straight line, f/p - Ijyb
Aim: Ijyb, wearing a runed ring mail and carrying a wand of draining {zapped: 5} (moderately wounded)
The rocky blast hits Ijyb.
Ijyb is moderately wounded.
The adder closely misses you. Ijyb closely misses you.
The adder barely misses you.
Casting: Sandblast
Confirm with . or Enter, or press ? or * to list all spells.
Aiming: Sandblast
Press: ? - help, Shift-Dir - straight line, f/p - Ijyb
Aim: Ijyb, wearing a runed ring mail and carrying a wand of draining {zapped: 5} (moderately wounded)
The rocky blast hits Ijyb.
Ijyb is moderately wounded.
Ijyb zaps a wand.
The bolt of negative energy hits you!
You feel drained.
You die...

######### #####
.##...$...## ###.... ../
.....%$....#######.....<
#..#
#..5....##.).......(..
####..+ ..
#.@>.(..#######....
......###..# #g#S(####
#####
...K.....c##.......#
..g....... ..##..K...
......S.# ## #.......
.!......# #........
.....<..# ..#...###
....<...# #.##.###
......(...# . #.#


You could see Ijyb, a crimson imp, an adder and a kobold.

Vanquished Creatures
  A sky beast (D:4)
  A centaur (D:5)
  A scorpion (D:4)
  A giant frog zombie (D:5)
  Crazy Yiuf (D:3)
  3 orc priests
  An iguana (D:4)
  3 orc wizards
  3 worker ants (D:4)
  3 gnolls (D:4)
  11 adders
  A giant mite (D:4)
  A worm (D:3)
  3 giant geckos
  15 orcs
  2 ball pythons (D:2)
  A bat skeleton (D:4)
  9 giant cockroaches
  10 hobgoblins
  2 quokkas
  10 bats
  4 giant newts
  8 goblins
  7 jackals (D:4)
  14 kobolds
  8 rats
124 creatures vanquished.

Notes
Turn   | Place    | Note
--------------------------------------------------------------
     0 | D:1      | Fusha, the Draconian Earth Elementalist, began the quest for the Orb.
     0 | D:1      | Reached XP level 1. HP: 14/14 MP: 3/3
   446 | D:1      | Reached XP level 2. HP: 18/20 MP: 2/4
   934 | D:1      | Reached XP level 3. HP: 26/26 MP: 1/6
   939 | D:1      | Learned a level 3 spell: Stone Arrow
   942 | D:1      | Learned a level 2 spell: Stoneskin
  1574 | D:2      | Reached XP level 4. HP: 30/33 MP: 6/8
  2035 | D:2      | Reached skill level 4 in Earth Magic
  2426 | D:3      | Reached XP level 5. HP: 38/38 MP: 9/11
  2446 | D:3      | Reached skill level 1 in Short Blades
  3096 | D:3      | Noticed Crazy Yiuf
  3101 | D:3      | Killed Crazy Yiuf
  3412 | D:3      | Reached XP level 6. HP: 34/46 MP: 8/14
  3587 | D:3      | Found a radiant altar of Vehumet.
  3591 | D:3      | Found a shimmering altar of Xom.
  3942 | D:4      | HP: 2/46 [poisoned by a worker ant]
  4381 | D:4      | Reached skill level 5 in Earth Magic
  4646 | D:4      | Noticed Mulzaro's ghost (average DrGl)
  5746 | D:4      | Your scales start taking on an icy white colour.
  5746 | D:4      | Gained mutation: Your flesh is cold resistant. [draconian maturity]
  5746 | D:4      | Reached XP level 7. HP: 51/51 MP: 14/18
  5821 | D:4      | Reached skill level 1 in Fighting
  5933 | D:4      | Found a shattered altar of Ashenzari.
  6018 | D:4      | Found a staircase to the Ecumenical Temple.
  6029 | Temple   | Entered the Ecumenical Temple
  6033 | Temple   | Became a worshipper of Sif Muna the Loreminder
  6045 | D:4      | Learned a level 5 spell: Lee's Rapid Deconstruction
  6050 | D:4      | Learned a level 4 spell: Petrify
  6617 | D:5      | Entered Level 5 of the Dungeon
  6617 | D:5      | Noticed Ijyb
  6624 | D:4      | Reached skill level 5 in Spellcasting
  7240 | D:5      | Killed from afar by Ijyb

Action                   |  1- 3 |  4- 6 |  7- 9 || total
-------------------------+-------+-------+-------++-------
Melee: Short sword       |    78 |   118 |    68 ||   264
       Unarmed           |     5 |       |       ||     5
 Cast: Sandblast         |    37 |   144 |    50 ||   231
Evoke: Wand              |       |       |     1 ||     1
  Use: Scroll            |       |       |     4 ||     4
 Stab: Sleeping          |     1 |     2 |     1 ||     4
  Eat: Chunk             |     3 |    12 |     4 ||    19
       Pizza             |       |       |     1 ||     1
